 Dungeon Crawl Stone Soup version 0.17-a0-1181-gabc46e6 (webtiles) character file.

9326 Murumi the Carver (level 11, 0/84 HPs)
             Began as a Formicid Fighter on May 31, 2015.
             Was a High Priest of the Shining One.
             Slain by Sygtswag's ghost (19 damage)
             ... on level 10 of the Dungeon.
             The game lasted 00:58:16 (11227 turns).

Murumi the Carver (Formicid Fighter)               Turns: 11227, Time: 00:58:16

Health: 0/84       AC: 14    Str: 29    XL:     11   Next: 72%
Magic:  16/17      EV: 12    Int:  8    God:    the Shining One [*****.]
Gold:   427        SH: 23    Dex: 10    Spells: 0 memorised, 10 levels left

rFire  + . .     SeeInvis +     a - +0 scimitar (elec)
rCold  . . .     Clarity  +     E - +0 plate armour
rNeg   + + .     SustAt   .     c - +1 shield
rPois  .         Gourm    .     (helmet unavailable)
rElec  .         Spirit   .     (no cloak)
rCorr  .         Warding  .     l - +0 pair of gloves
rMut   .         Stasis   +     (no boots)
MR     +....                    k - amulet of clarity
Stlth  ..........               o - +3 ring of evasion
                                b - ring of protection from fire

@: mighty, divine shield, glowing, somewhat resistant to hostile enchantments,
extremely unstealthy
A: permanent stasis, dig shafts and tunnels, four strong arms, antennae 3
a: Dig, Shaft Self, Divine Shield, Cleansing Flame, Summon Divine Warrior,
Renounce Religion


You were on level 10 of the Dungeon.
You worshipped the Shining One.
The Shining One was extremely pleased with you.
You were not hungry.

You visited 2 branches of the dungeon, and saw 11 of its levels.
You also visited: Ossuary.

You collected 627 gold pieces.
You spent 200 gold pieces at shops.

Inventory:

Hand weapons
 a - a +0 scimitar of electrocution (weapon)
 q - a +0 hand crossbow
Missiles
 s - 53 bolts
 B - 20 bolts of frost
Armour
 c - a +1 shield (worn)
 l - a +0 pair of gloves (worn)
 E - a +0 plate armour (worn)
Jewellery
 b - a ring of protection from fire (left hand)
 k - an amulet of clarity (around neck)
 o - a +3 ring of evasion (right hand)
Magical devices
 g - a wand of lightning (15)
 j - a wand of fireball (5)
 x - a wand of cold (8)
Scrolls
 p - a scroll of enchant weapon
 r - 4 scrolls of enchant armour
 v - 4 scrolls of remove curse
 z - 3 scrolls of amnesia
 A - 2 scrolls of fog
 C - 3 scrolls of recharging
 D - 4 scrolls of identify
 F - 2 scrolls of fear
Potions
 d - 3 potions of might
 f - 2 potions of lignification
 h - a potion of cancellation
 i - 2 potions of invisibility {unknown}
 n - 5 potions of curing
 t - a potion of agility
 w - 4 potions of flight
 y - 7 potions of brilliance
Comestibles
 e - 8 bread rations
 m - 7 beef jerkies
 u - 6 meat rations


   Skills:
 - Level 7.0 Fighting
 - Level 9.0 Long Blades
 + Level 6.6 Crossbows
 - Level 7.0 Armour
 - Level 6.1 Dodging
 - Level 8.0 Shields
 - Level 8.0 Invocations


You had 10 spell levels left.
You didn't know any spells.

Dungeon Overview and Level Annotations

Branches:
Dungeon (10/15)            Temple (1/1) D:5             Orc (0/4) D:10
   Lair: D:8-11

Altars:
Ashenzari
Cheibriados
Dithmenos
Elyvilon
Fedhas
Gozag
Kikubaaqudgha
Makhleb
Nemelex Xobeh
Okawaru
Qazlal
Ru
Sif Muna
Trog
Vehumet
Xom
Yredelemnul
Zin
The Shining One

Shops:
D:4 *(

Annotations:
D:10 Sygtswag's ghost, powerful MiFi


Innate Abilities, Weirdness & Mutations

You are under a permanent stasis effect.
You can dig through walls and to a lower floor.
Your four strong arms can wield two-handed weapons with a shield.
You have a pair of large antennae on your head (SInv).


Message History

* * * LOW HITPOINT WARNING * * *
Drink which item? (? for menu, Esc to quit)
You feel better. You block Sygtswag's ghost's attack.
Drink which item? (? for menu, Esc to quit)
You feel very mighty all of a sudden. You block Sygtswag's ghost's attack.
You are too injured to fight recklessly!
You slash Sygtswag's ghost!
Sygtswag's ghost is moderately damaged.
Sygtswag's ghost hits you but does no damage.
You slash Sygtswag's ghost!
Sygtswag's ghost is heavily damaged.
Sygtswag's ghost closely misses you.
Your shield and plate armour prevent you from hitting Sygtswag's ghost.
Sygtswag's ghost is heavily damaged.
You block Sygtswag's ghost's attack.
You hit Sygtswag's ghost.
Sygtswag's ghost is heavily damaged.
Sygtswag's ghost hits you!!
You die...

#.#
#.#
#.#
#.#
#.#
#.#
#.#
..
#.#
#.
#@#
#.
#W#
#.
#F#
...
#.#
...
#..
#..
###
...
#.#
#.#
#.#


You could see a giant frog and Sygtswag's ghost.

Vanquished Creatures
  Gastronok (D:9)
  Pikel (D:9)
  An orc sorcerer (D:10)
  The ghost of zordkkahn the Digger, an average TrEE of Sif Muna (D:4)
  A deep elf priest (D:8)
  2 trolls (D:9)
  A yak (D:6)
  A hippogriff (D:7)
  2 wyverns
  Menkaure (Ossuary)
  A hungry ghost (D:10)
  4 orc warriors
  3 phantoms
  8 ogres
  A black bear (D:10)
  A sky beast (D:6)
  6 centaurs
  2 ice beasts (D:5)
  Blork the orc (D:5)
  6 giant frogs
  A gnoll sergeant (D:8)
  2 jellies
  6 scorpions
  5 troll zombies
  3 wights (D:7)
  3 crimson imps
  A quasit (D:6)
  A giant frog skeleton (D:8)
  3 orc priests
  2 hounds
  4 centaur zombies
  2 human zombies (Ossuary)
  Ijyb (D:2)
  A centaur skeleton (D:7)
  10 worker ants
  Jessica (D:3)
  10 orc wizards
  2 iguanas
  2 ogre zombies (D:10)
  6 mummies (Ossuary)
  A hound zombie (D:8)
  17 adders
  6 gnolls (D:8)
  3 shadow imps
  2 oozes
  4 worms
  5 adder skeletons
  3 adder zombies (Ossuary)
  4 giant geckos
  39 orcs
  A bat skeleton (D:6)
  8 giant cockroaches
  19 hobgoblins
  7 jackals
  5 quokkas
  15 bats
  A giant gecko skeleton (D:9)
  8 giant newts
  3 gnoll zombies (Ossuary)
  16 goblins
  6 goblin zombies
  A hobgoblin skeleton (D:10)
  7 hobgoblin zombies
  A jackal zombie (D:7)
  20 kobolds
  2 kobold zombies (Ossuary)
  An orc skeleton (D:10)
  6 orc zombies (D:10)
  5 quokka zombies (Ossuary)
  17 rats
  3 rat zombies (Ossuary)
  A fungus (D:4)
348 creatures vanquished.

Vanquished Creatures (others)
  A giant frog skeleton (D:9)
  An adder (D:9)
  An orc (D:3)
  A giant cockroach (D:7)
  2 fungi (D:4)
6 creatures vanquished.

Grand Total: 354 creatures vanquished

Notes
Turn   | Place    | Note
--------------------------------------------------------------
     0 | D:1      | Murumi the Formicid Fighter began the quest for the Orb.
     0 | D:1      | Reached XP level 1. HP: 18/18 MP: 1/1
   123 | D:1      | Reached skill level 4 in Shields
   167 | D:1      | Reached XP level 2. HP: 22/24 MP: 2/2
   248 | D:1      | Reached skill level 1 in Dodging
   555 | D:1      | Reached XP level 3. HP: 26/29 MP: 3/3
  1427 | D:2      | Reached XP level 4. HP: 32/37 MP: 4/4
  1510 | D:2      | Found a stormy altar of Qazlal.
  1510 | D:2      | Found a burning altar of Makhleb.
  1704 | D:2      | Noticed Ijyb
  1719 | D:2      | Killed Ijyb
  1719 | D:2      | Reached XP level 5. HP: 34/42 MP: 5/5
  1826 | D:2      | Found a deep blue altar of Sif Muna.
  1897 | D:2      | Found a glowing golden altar of the Shining One.
  1903 | D:2      | Became a worshipper of the Shining One
  2290 | D:3      | Noticed Jessica
  2666 | D:3      | Reached XP level 6. HP: 48/48 MP: 6/6
  2751 | D:3      | Reached skill level 5 in Armour
  3051 | D:3      | Found a white marble altar of Elyvilon.
  3059 | D:3      | Killed Jessica
  3059 | D:3      | Reached skill level 5 in Shields
  3670 | D:4      | Found Ajobb's General Store.
  3679 | D:4      | Noticed zordkkahn's ghost (average TrEE)
  3691 | D:4      | Killed zordkkahn's ghost
  3691 | D:4      | Reached XP level 7. HP: 50/54 MP: 7/7
  3785 | D:4      | Found Kuxoem's Antique Weapon Shoppe.
  3871 | D:4      | Acquired the Shining One's first power
  4076 | D:4      | Found Buint's Assorted Antiques.
  4084 | D:4      | Bought a scroll labeled REGROWO DEIXI for 29 gold pieces
  4084 | D:4      | Bought a scroll labeled DOPSIWKELOI for 29 gold pieces
  4084 | D:4      | Bought a scroll of identify for 58 gold pieces
  4084 | D:4      | Bought a scroll of identify for 58 gold pieces
  4093 | D:4      | Bought a puce potion for 26 gold pieces
  4397 | D:4      | Reached skill level 5 in Dodging
  4410 | D:4      | Reached XP level 8. HP: 50/60 MP: 8/8
  4581 | D:5      | Entered Level 5 of the Dungeon
  4587 | D:5      | Found a sand-covered staircase.
  4593 | Ossuary  | Entered an ossuary
  4623 | Ossuary  | Reached skill level 5 in Fighting
  4710 | Ossuary  | Acquired the Shining One's second power
  4802 | Ossuary  | Reached skill level 6 in Fighting
  4918 | Ossuary  | Noticed Menkaure
  4944 | Ossuary  | HP: 3/64 [Menkaure (14)]
  4944 | Ossuary  | The Shining One protects you from harm!
  4950 | Ossuary  | Killed Menkaure
  5575 | D:5      | Reached skill level 5 in Invocations
  5575 | D:5      | Reached XP level 9. HP: 63/69 MP: 12/12
  5939 | D:5      | Found a staircase to the Ecumenical Temple.
  5951 | D:5      | Noticed Blork the orc
  5963 | D:5      | Killed Blork the orc
  5963 | D:5      | Reached skill level 1 in Crossbows
  5968 | Temple   | Entered the Ecumenical Temple
  6621 | D:6      | Acquired the Shining One's third power
  6635 | D:6      | Found a sparkling altar of Nemelex Xobeh.
  6816 | D:6      | Reached skill level 5 in Crossbows
  6832 | D:6      | Reached skill level 7 in Invocations
  6848 | D:6      | Reached skill level 8 in Invocations
  6866 | D:6      | Reached XP level 10. HP: 27/76 MP: 14/16
  8768 | D:8      | Acquired the Shining One's fourth power
  9067 | D:8      | Reached skill level 5 in Long Blades
  9110 | D:8      | Found a basalt altar of Yredelemnul.
  9552 | D:8      | Found a basalt altar of Yredelemnul.
  9557 | D:8      | Found a glowing golden altar of the Shining One.
  9559 | D:8      | Noticed an angel
  9571 | D:8      | Noticed a profane servitor
  9815 | D:9      | Noticed Gastronok
  9846 | D:9      | Killed Gastronok
  9846 | D:9      | Reached XP level 11. HP: 37/84 MP: 17/17
 10214 | D:9      | Reached skill level 9 in Long Blades
 10265 | D:9      | Found an opulent altar of Gozag.
 10424 | D:9      | Noticed Pikel
 10442 | D:9      | Killed Pikel
 10775 | D:10     | Entered Level 10 of the Dungeon
 11005 | D:10     | Found a staircase to the Orcish Mines.
 11005 | D:10     | Noticed an orc sorcerer
 11035 | D:10     | Killed an orc sorcerer
 11208 | D:10     | Noticed Sygtswag's ghost (powerful MiFi)
 11227 | D:10     | Slain by Sygtswag's ghost

Vault maps used:
D:1:      nagdon_arrival_zigzag_paths, minmay_door_square
D:2:      kennysheep_goblin_castle, led_sif_pool,
          gammafunk_temple_overflow_wave, first_bread, serial_bayou_pond_e,
          grunt_ministairs_9, nicolae_tso_swordbearing_angel
D:3:      forest_paths, elyvilon_altar_3, uniq_jessica
D:4:      old_forge, serial_shops, shop, nicolae_shop_behind_doors, shop,
          hangedman_decor_clover_reticule, grunt_ministairs_2
D:5:      minmay_temple_entry_junction2, nicolae_ossuary_entry_plus,
          uniq_blork_the_orc
D:6:      hangedman_cross_stitches, fountainhead, nemelex_lonely_heart_becter
D:7:      grunt_ogre_cave
D:8:      grunt_temple_overflow_holy_war, david_defended_altar_elf
D:9:      nicolae_gozag_seed_capital, uniq_gastronok, uniq_pikel
D:10:     zombieorc2_lemuel, uniq_urug
Temple:   chambers_temple_12
Ossuary:  ossuary_boxes_badplayer

Action                   |  1- 3 |  4- 6 |  7- 9 | 10-12 || total
-------------------------+-------+-------+-------+-------++-------
Melee: Long sword        |   103 |   254 |   424 |   490 ||  1271
       Scimitar          |       |       |       |   113 ||   113
 Fire: Hand crossbow     |       |       |     9 |     1 ||    10
Invok: Divine Shield     |       |       |     4 |     7 ||    11
 Abil: Dig               |       |       |     1 |     2 ||     3
  Use: Scroll            |     3 |     9 |    11 |     4 ||    27
       Potion            |       |     1 |     2 |     4 ||     7
  Eat: Chunk             |     2 |     3 |     8 |    15 ||    28
       Bread ration      |       |     1 |       |       ||     1
       Beef jerky        |       |       |     2 |     1 ||     3
